[ AOE2 MATCH · #477884137 ]
1v1 RMBritons vs Franks
Player's team · LOSS
Rival team · WIN
[ REPLAY ANALYSIS · EXTRACTED FROM THE RECORDED GAME ]
Feudal
10:39
Castle
21:01
Imperial
43:27
| APM avg | 18.6 |
| APM peak | 74 |
| eAPM avg | 12.8 |
| Villagers / military | 87 / 222 |
Focus
⚔️ 50.6% · 🌾 49.4%
Scout Cavalry ×89 · Archer ×52 · Longbowman ×49 · Spearman ×28 · Monk ×2 · Trebuchet (Packed) ×2
Feudal
10:34
Castle
21:12
Imperial
37:51
| APM avg | 16.9 |
| APM peak | 84 |
| eAPM avg | 9.0 |
| Villagers / military | 73 / 124 |
Focus
⚔️ 28.2% · 🌾 71.8%
Skirmisher ×61 · Knight ×53 · Trebuchet (Packed) ×6 · Monk ×3 · Spearman ×1
Match map
Initial resources + every placement click. Lines = walls · curves = elevation contours. ◆ gold · ⬟ stone · ● berries · ✦ relic · ◌ wall gap
Your base· Open — 8t gap
Jhavi's base· Open — unwalled flank
Smoothed initial terrain · ◌ = detected wall gap · hover for details
Inputs per minute
— conorbunting94 - - Jhavi
Build order — conorbunting94
First 150 of 459 actions detected
| 0:02 | Create | Villager (Male) |
| 0:02 | Create | Villager (Male) |
| 0:02 | Create | Villager (Male) |
| 0:06 | Build | House |
| 0:11 | Build | House |
| 0:36 | Create | Villager (Male) |
| 1:22 | Create | Villager (Male) |
| 1:36 | Create | Villager (Male) |
| 2:04 | Create | Villager (Male) |
| 2:04 | Create | Villager (Male) |
| 2:22 | Create | Villager (Male) |
| 2:41 | Build | Mill |
| 2:50 | Create | Villager (Male) |
| 2:50 | Create | Villager (Male) |
| 3:35 | Create | Villager (Male) |
| 3:36 | Create | Villager (Male) |
| 3:47 | Build | House |
| 4:31 | Create | Villager (Male) |
| 4:31 | Create | Villager (Male) |
| 5:10 | Build | Lumber Camp |
| 5:36 | Create | Villager (Male) |
| 5:51 | Research | Loom |
| 5:59 | Build | House |
| 6:49 | Create | Villager (Male) |
| 6:49 | Create | Villager (Male) |
| 6:50 | Create | Villager (Male) |
| 7:52 | Build | Palisade Wall |
| 8:02 | Create | Villager (Male) |
| 8:15 | Research | Feudal Age |
| 8:21 | Build | House |
| 8:23 | Build | House |
| 8:25 | Build | House |
| 8:34 | Build | Palisade Wall |
| 8:44 | Build | Palisade Wall |
| 8:50 | Create | Villager (Male) |
| 9:28 | Build | Farm |
| 9:29 | Build | Farm |
| 9:30 | Build | Farm |
| 10:30 | Create | Villager (Male) |
| 10:30 | Create | Villager (Male) |
| 10:39 | Age | Feudal Age |
| 10:46 | Build | Barracks |
| 10:55 | Research | Horse Collar |
| 11:00 | Research | Double-Bit Axe |
| 11:10 | Build | Farm |
| 11:18 | Build | Farm |
| 11:20 | Build | Farm |
| 11:21 | Build | Farm |
| 11:23 | Build | Farm |
| 11:24 | Build | Farm |
| 11:40 | Create | Villager (Male) |
| 12:01 | Build | Farm |
| 12:02 | Build | Farm |
| 12:03 | Build | Farm |
| 12:26 | Build | Farm |
| 12:34 | Build | Farm |
| 12:36 | Build | Farm |
| 12:56 | Research | Wheelbarrow |
| 12:56 | Create | Villager (Male) |
| 12:56 | Create | Villager (Male) |
| 12:57 | Create | Villager (Male) |
| 13:09 | Build | Farm |
| 13:31 | Build | Farm |
| 13:32 | Build | Farm |
| 14:42 | Build | Blacksmith |
| 14:49 | Build | Palisade Gate |
| 15:00 | Build | Archery Range |
| 15:09 | Build | Farm |
| 15:12 | Create | Villager (Male) |
| 15:12 | Create | Villager (Male) |
| 15:34 | Build | Mining Camp |
| 15:38 | Create | Villager (Male) |
| 15:38 | Create | Villager (Male) |
| 15:44 | Create | Spearman |
| 15:45 | Create | Spearman |
| 16:04 | Research | Forging |
| 16:25 | Create | Spearman |
| 16:58 | Create | Villager (Male) |
| 16:58 | Create | Villager (Male) |
| 17:05 | Build | Farm |
| 17:52 | Build | House |
| 17:56 | Build | House |
| 17:58 | Build | House |
| 18:01 | Build | House |
| 18:09 | Build | Palisade Wall |
| 18:19 | Build | Farm |
| 18:21 | Research | Castle Age |
| 18:31 | Create | Villager (Male) |
| 18:31 | Create | Villager (Male) |
| 18:32 | Create | Villager (Male) |
| 18:32 | Create | Villager (Male) |
| 18:43 | Research | Gold Mining |
| 18:50 | Create | Archer |
| 19:05 | Build | Mining Camp |
| 19:26 | Build | Palisade Wall |
| 19:33 | Build | Palisade Gate |
| 19:43 | Build | House |
| 19:50 | Research | Stone Mining |
| 20:00 | Create | Archer |
| 20:00 | Create | Archer |
| 20:00 | Create | Archer |
| 20:05 | Research | Padded Archer Armor |
| 20:11 | Create | Spearman |
| 20:16 | Create | Spearman |
| 20:16 | Create | Spearman |
| 20:20 | Research | Scale Mail Armor |
| 20:38 | Build | House |
| 21:01 | Age | Castle Age |
| 21:05 | Research | Heavy Plow |
| 21:07 | Research | Bow Saw |
| 21:30 | Research | Leather Archer Armor |
| 21:40 | Build | Farm |
| 21:52 | Research | Hand Cart |
| 22:10 | Research | Crossbowman (upgrade) |
| 22:22 | Research | Fletching |
| 22:46 | Build | Farm |
| 22:47 | Build | Farm |
| 23:21 | Build | Town Center |
| 23:26 | Build | Farm |
| 23:39 | Build | House |
| 23:57 | Create | Villager (Male) |
| 23:57 | Create | Villager (Male) |
| 23:57 | Create | Villager (Male) |
| 23:57 | Create | Villager (Male) |
| 23:57 | Create | Villager (Male) |
| 24:04 | Build | Farm |
| 24:20 | Build | Palisade Wall |
| 24:32 | Build | Farm |
| 24:37 | Create | Archer |
| 24:38 | Create | Archer |
| 24:38 | Create | Archer |
| 24:38 | Create | Archer |
| 24:41 | Research | Pikeman (upgrade) |
| 24:44 | Research | Bodkin Arrow |
| 25:03 | Build | Farm |
| 25:06 | Build | Farm |
| 25:45 | Create | Spearman |
| 25:45 | Create | Spearman |
| 25:45 | Create | Spearman |
| 26:11 | Build | Lumber Camp |
| 26:15 | Create | Villager (Male) |
| 26:16 | Create | Villager (Male) |
| 26:16 | Create | Villager (Male) |
| 26:16 | Create | Villager (Male) |
| 26:16 | Create | Villager (Male) |
| 26:16 | Create | Villager (Male) |
| 26:17 | Create | Villager (Male) |
| 26:28 | Create | Villager (Male) |
| 26:29 | Create | Villager (Male) |
| 26:29 | Create | Villager (Male) |
Build order — Jhavi
First 150 of 253 actions detected
| 0:05 | Build | House |
| 0:06 | Build | House |
| 0:11 | Build | House |
| 0:18 | Create | Villager (Male) |
| 0:19 | Create | Villager (Male) |
| 0:19 | Create | Villager (Male) |
| 1:25 | Research | Loom |
| 1:48 | Create | Villager (Male) |
| 1:49 | Create | Villager (Male) |
| 2:42 | Create | Villager (Male) |
| 2:54 | Build | Mill |
| 3:06 | Create | Villager (Male) |
| 3:11 | Create | Villager (Male) |
| 4:02 | Create | Villager (Male) |
| 4:39 | Create | Villager (Male) |
| 4:39 | Create | Villager (Male) |
| 4:39 | Create | Villager (Male) |
| 5:06 | Create | Villager (Male) |
| 5:41 | Build | Lumber Camp |
| 6:05 | Create | Villager (Male) |
| 6:07 | Create | Villager (Male) |
| 6:26 | Build | House |
| 6:57 | Create | Villager (Male) |
| 7:18 | Create | Villager (Male) |
| 7:56 | Create | Villager (Male) |
| 8:24 | Research | Feudal Age |
| 8:36 | Build | House |
| 8:43 | Build | Palisade Wall |
| 9:05 | Build | House |
| 9:08 | Build | House |
| 9:13 | Build | Palisade Wall |
| 10:32 | Build | Mining Camp |
| 10:34 | Age | Feudal Age |
| 10:41 | Create | Villager (Male) |
| 10:41 | Create | Villager (Male) |
| 10:42 | Create | Villager (Male) |
| 10:51 | Build | Mill |
| 11:18 | Build | Mill |
| 11:31 | Create | Villager (Male) |
| 11:32 | Research | Wheelbarrow |
| 11:40 | Build | Barracks |
| 11:59 | Build | Farm |
| 12:00 | Build | Farm |
| 12:02 | Build | Farm |
| 12:02 | Build | Farm |
| 12:31 | Build | Lumber Camp |
| 13:15 | Create | Villager (Male) |
| 13:16 | Create | Villager (Male) |
| 13:21 | Research | Double-Bit Axe |
| 14:13 | Build | Farm |
| 14:30 | Build | Farm |
| 15:01 | Create | Spearman |
| 15:35 | Create | Villager (Male) |
| 15:36 | Create | Villager (Male) |
| 15:36 | Create | Villager (Male) |
| 15:36 | Create | Villager (Male) |
| 15:51 | Build | Farm |
| 15:52 | Build | Farm |
| 15:53 | Build | Farm |
| 15:54 | Build | Farm |
| 15:56 | Build | Farm |
| 15:59 | Build | Farm |
| 16:39 | Build | Blacksmith |
| 16:58 | Build | Market |
| 17:16 | Create | Villager (Male) |
| 17:19 | Build | Farm |
| 17:59 | Build | Archery Range |
| 18:19 | Build | House |
| 18:20 | Build | House |
| 18:22 | Build | House |
| 18:32 | Research | Castle Age |
| 19:06 | Research | Gold Mining |
| 19:34 | Build | Mining Camp |
| 19:53 | Create | Skirmisher |
| 19:54 | Create | Skirmisher |
| 20:28 | Build | House |
| 20:46 | Build | Stable |
| 21:11 | Create | Villager (Male) |
| 21:11 | Create | Villager (Male) |
| 21:12 | Age | Castle Age |
| 21:21 | Build | Town Center |
| 21:48 | Build | Farm |
| 21:51 | Create | Villager (Male) |
| 21:52 | Create | Villager (Male) |
| 21:57 | Research | Gold Shaft Mining |
| 22:05 | Research | Elite Skirmisher (upgrade) |
| 22:07 | Create | Skirmisher |
| 22:07 | Create | Skirmisher |
| 22:11 | Create | Skirmisher |
| 22:11 | Create | Skirmisher |
| 22:16 | Research | Husbandry |
| 22:17 | Create | Knight |
| 22:17 | Create | Knight |
| 22:24 | Build | Farm |
| 22:27 | Create | Villager (Male) |
| 22:27 | Create | Villager (Male) |
| 22:28 | Create | Villager (Male) |
| 22:28 | Create | Villager (Male) |
| 22:33 | Create | Villager (Male) |
| 22:33 | Create | Villager (Male) |
| 22:36 | Build | Farm |
| 22:40 | Research | Bow Saw |
| 22:46 | Research | Scale Barding Armor |
| 22:47 | Research | Forging |
| 23:17 | Create | Knight |
| 23:21 | Build | Farm |
| 23:24 | Build | Farm |
| 23:50 | Build | Stable |
| 23:57 | Create | Villager (Male) |
| 23:58 | Create | Villager (Male) |
| 23:58 | Create | Villager (Male) |
| 23:58 | Create | Villager (Male) |
| 24:21 | Create | Knight |
| 24:22 | Create | Knight |
| 24:29 | Create | Skirmisher |
| 24:30 | Create | Skirmisher |
| 24:31 | Create | Skirmisher |
| 24:31 | Create | Skirmisher |
| 24:44 | Build | Farm |
| 24:57 | Create | Knight |
| 24:57 | Create | Knight |
| 25:16 | Research | Chain Barding Armor |
| 25:51 | Create | Villager (Male) |
| 25:52 | Create | Villager (Male) |
| 25:52 | Create | Villager (Male) |
| 26:02 | Create | Knight |
| 26:03 | Create | Knight |
| 26:07 | Create | Knight |
| 26:07 | Create | Knight |
| 26:19 | Build | House |
| 26:20 | Build | House |
| 26:45 | Create | Knight |
| 26:57 | Build | Mining Camp |
| 27:07 | Create | Villager (Male) |
| 27:07 | Create | Villager (Male) |
| 27:08 | Create | Villager (Male) |
| 27:08 | Create | Villager (Male) |
| 27:18 | Build | Lumber Camp |
| 27:33 | Create | Villager (Male) |
| 27:33 | Create | Villager (Male) |
| 27:34 | Create | Villager (Male) |
| 27:34 | Create | Villager (Male) |
| 27:46 | Research | Iron Casting |
| 28:31 | Build | House |
| 28:32 | Build | House |
| 28:33 | Build | House |
| 28:34 | Build | House |
| 28:40 | Build | University |
| 28:43 | Build | Monastery |
| 29:19 | Create | Skirmisher ×5 |
Match timeline
| 7:52 | conorbunting94 · wall_segment Palisade Wall x7 |
| 8:34 | conorbunting94 · wall_segment Palisade Wall x6 |
| 8:43 | Jhavi · wall_segment Palisade Wall x1 |
| 8:44 | conorbunting94 · wall_segment Palisade Wall x6 |
| 9:13 | Jhavi · wall_segment Palisade Wall x1 |
| 10:34 | Jhavi · age_up feudal |
| 10:39 | conorbunting94 · age_up feudal |
| 10:46 | conorbunting94 · first_building Barracks |
| 11:40 | Jhavi · first_building Barracks |
| 15:00 | conorbunting94 · first_building Archery Range |
| 17:59 | Jhavi · first_building Archery Range |
| 18:09 | conorbunting94 · wall_segment Palisade Wall x12 |
| 19:26 | conorbunting94 · wall_segment Palisade Wall x8 |
| 20:46 | Jhavi · first_building Stable |
| 21:01 | conorbunting94 · age_up castle |
| 21:12 | Jhavi · age_up castle |
| 24:20 | conorbunting94 · wall_segment Palisade Wall x2 |
| 27:25 | conorbunting94 · first_building Monastery |
| 28:18 | conorbunting94 · first_building Stable |
| 28:43 | Jhavi · first_building Monastery |
| 30:54 | conorbunting94 · first_building Castle |
| 32:14 | Jhavi · first_building Castle |
| 33:01 | conorbunting94 · wall_segment Stone Wall x12 |
| 37:51 | Jhavi · age_up imperial |
| 43:27 | conorbunting94 · age_up imperial |
| 52:01 | conorbunting94 · resign |
[ AI ANALYSIS · 1 CREDIT ]
What really happened in this match?
Wolo.gg analyzes every decision: build order, eco, micro, common mistakes by bracket. Personalized analysis on WhatsApp or Discord in 30 seconds.
Civ guide
Britons
Map guide
Arabia
Perfil
Jugador #19052517